 Dungeon Crawl Stone Soup version 0.25.1-2-g60ff931df9 (webtiles) character file.

Game seed: 1950130481513453064

1795 Goaboa the Chopper (level 9, -9/79 HPs)
             Began as a Hill Orc Fighter on Oct 30, 2020.
             Was an Initiate of Makhleb.
             Mangled by a two-headed ogre
             ... wielding a +0 dire flail
              (16 damage)
             ... on level 6 of the Dungeon on Nov 2, 2020.
             The game lasted 00:24:40 (6540 turns).

Goaboa the Chopper (Hill Orc Fighter)               Turns: 6540, Time: 00:24:40

Health: -9/79      AC: 13    Str: 22    XL:     9   Next: 9%
Magic:  9/9        EV:  8    Int:  8    God:    Makhleb [......]
Gold:   249        SH: 10    Dex: 10    Spells: 8/8 levels left

rFire    . . .     SeeInvis .   r - +5 spear (vorpal)
rCold    . . .     Gourm    .   c - +0 kite shield
rNeg     . . .     Faith    .   b - +0 scale mail
rPois    .         Spirit   .   x - +0 helmet
rElec    .         Reflect  .   (no cloak)
rCorr    .         Harm     .   p - +0 pair of gloves
MR       .....                  z - +2 pair of boots
Stlth    ..........             (no amulet)
HPRegen  0.23/turn              (no ring)
MPRegen  0.11/turn              (no ring)

@: brilliant, very slightly contaminated, invisible
A: no striking features
a: Renounce Religion


You were on level 6 of the Dungeon.
You worshipped Makhleb.
Makhleb was noncommittal.
You were not hungry.

You visited 2 branches of the dungeon, and saw 8 of its levels.

You collected 249 gold pieces.

Inventory:

Hand Weapons
 a - a +0 war axe
 q - a +0 hand axe of distortion
 r - a +5 vorpal spear (weapon)
Armour
 b - a +0 scale mail (worn)
 c - a +0 kite shield (worn)
 p - a +0 pair of gloves (worn)
 x - a +0 helmet (worn)
 z - a +2 pair of boots (worn)
Jewellery
 k - an uncursed ring of protection from cold {unknown}
 n - a cursed ring of teleportation {unknown}
Wands
 y - a wand of polymorph (5)
Scrolls
 e - a scroll of fog {unknown}
 g - a scroll of fear {unknown}
 h - a scroll of immolation {unknown}
 m - 5 scrolls of teleportation {unknown}
 o - 2 scrolls of enchant armour {unknown}
 t - 3 scrolls of remove curse {unknown}
 u - 2 scrolls of noise {unknown}
 v - 2 scrolls of random uselessness {unknown}
 w - 3 scrolls of amnesia {unknown}
 C - a scroll of enchant weapon {unknown}
Potions
 i - a potion of berserk rage {unknown}
 j - a potion of flight {unknown}
 l - a potion of haste {unknown}
 s - 2 potions of invisibility
 B - a potion of lignification {unknown}
 D - a potion of stabbing {unknown}
Comestibles
 f - 8 rations
 A - 11 chunks of flesh


   Skills:
 * Level 7.5 Fighting
 * Level 7.5(7.9) Axes
 + Level 2.7(4.9) Polearms
 * Level 7.0 Armour
 * Level 6.9 Shields
 * Level 0.5 Invocations


You had 8 spell levels left.
You didn't know any spells.
Your spell library was empty.

Dungeon Overview and Level Annotations

Branches:
Dungeon (7/15)             Temple (1/1) D:5

Altars:
Ashenzari
Cheibriados
Elyvilon
Gozag
Kikubaaqudgha
Makhleb
Nemelex Xobeh
Okawaru
Ru
Sif Muna
Trog
Vehumet
Wu Jian
Xom
Yredelemnul
Zin
The Shining One

Annotations:
D:4 3 runed translucent doors, UnDebs's ghost, amateur MfGl


Message History

The gnoll shouts! x2; You hear a shout! x2
A gnoll comes into view. It is wielding a +0 whip.
The orc hits you but does no damage.
The ice beast hits you but does no damage.
You block the orc's attack.
You hear a screech!
There is a stone staircase leading down here.
You barely miss the two-headed ogre.
The two-headed ogre is moderately wounded.
The gnoll shouts! x2; You hear a shout!
The two-headed ogre hits you with a +0 dire flail!
* * * LOW HITPOINT WARNING * * *
The two-headed ogre barely misses you.
An orc comes into view. It is wielding a +0 war axe.
You block the ice beast's attack. The orc hits you but does no damage.
The gnoll shouts!
The orc shouts!
You hear a shout! x2
You block the gnoll's attack.
The ice beast hits you but does no damage.
The two-headed ogre hits you with a +0 dire flail!
You die...

#### #....# .......#.
#..###....##.........##.
....# #....#.....[.o.#..
...####.................
....##................#
...#....†...##........#.
S.##.<.....g.ggg........
og##.........g.O.o......
...###..........@Y......
#.o##...................
...#..##................
........................
..%..#..#####%.#.###....
...g.#..# #....# ....
.....# ##.... ..# ......
...... .. #......


You could see a two-headed ogre, an ice beast, 5 gnolls and 2 orcs.

Vanquished Creatures
  Eustachio (D:4)
  2 ice beasts (D:5)
  A phantom (D:4)
  3 ogres
  A gnoll sergeant (D:3)
  A scorpion (D:5)
  A water moccasin skeleton (D:5)
  A howler monkey (D:5)
  2 orc wizards (D:5)
  3 gnoll shamans (D:3)
  A hound (D:2)
  2 iguanas
  3 worker ants
  A hound skeleton (D:4)
  41 gnolls (D:3)
  7 adders
  An ooze (D:3)
  A worm (D:3)
  A dart slug (D:4)
  A leopard gecko (D:6)
  21 orcs
  2 ball pythons
  5 giant cockroaches
  3 goblins
  6 hobgoblins
  20 jackals
  A kobold (D:1)
  4 quokkas
  5 bats
  3 frilled lizards
  A giant cockroach zombie (D:5)
  A quokka zombie (D:5)
  7 rats
  A rat zombie (D:3)
155 creatures vanquished.

Vanquished Creatures (others)
  A gnoll shaman (D:3)
  2 gnolls (D:3)
  A hobgoblin (D:2)
  A jackal (D:3)
  A bat (D:3)
6 creatures vanquished.

Grand Total: 161 creatures vanquished

Notes
Turn   | Place    | Note
-------+----------+-------------------------------------------
     0 | D:1      | Goaboa the Hill Orc Fighter began the quest for the Orb.
     0 | D:1      | Reached XP level 1. HP: 19/19 MP: 1/1
   214 | D:1      | Reached XP level 2. HP: 23/27 MP: 2/2
   966 | D:2      | Reached XP level 3. HP: 33/33 MP: 3/3
  1370 | D:2      | Reached XP level 4. HP: 18/40 MP: 4/4
  1651 | D:2      | Found a snail-covered altar of Cheibriados.
  2299 | D:3      | Reached XP level 5. HP: 47/47 MP: 5/5
  2304 | D:3      | Found an ancient bone altar of Kikubaaqudgha.
  2835 | D:3      | Reached skill level 5 in Fighting
  2835 | D:3      | Reached XP level 6. HP: 30/56 MP: 6/6
  2860 | D:3      | Reached skill level 5 in Armour
  2871 | D:3      | Reached skill level 5 in Axes
  2883 | D:3      | Reached skill level 5 in Shields
  2890 | D:3      | Reached XP level 7. HP: 13/61 MP: 7/7
  2894 | D:3      | HP: 1/61 [gnoll/+2 flail of holy wrath (4)]
  3527 | D:3      | HP: 3/63 [poisoned by a gnoll]
  3533 | D:3      | HP: 3/63 [poisoned by a gnoll]
  3541 | D:3      | HP: 2/63 [poisoned by a gnoll]
  4241 | D:4      | Noticed Eustachio
  4253 | D:4      | Killed Eustachio
  4253 | D:4      | Reached skill level 1 in Polearms
  4253 | D:4      | Reached XP level 8. HP: 61/71 MP: 8/8
  4401 | D:4      | Found a runed translucent gate.
  4401 | D:4      | Found a runed translucent gate.
  4401 | D:4      | Found a runed translucent gate.
  5298 | D:4      | Noticed UnDebs's ghost (amateur MfGl)
  5375 | D:5      | Entered Level 5 of the Dungeon
  5375 | D:5      | Found a shimmering altar of Xom.
  5375 | D:5      | Noticed an angel
  5376 | D:5      | Found a glowing silver altar of Zin.
  5885 | D:5      | Reached XP level 9. HP: 76/79 MP: 9/9
  6028 | D:5      | Found a staircase to the Ecumenical Temple.
  6045 | Temple   | Entered the Ecumenical Temple
  6201 | Temple   | Became a worshipper of Makhleb the Destroyer
  6495 | D:6      | Noticed a two-headed ogre
  6540 | D:6      | Mangled by a two-headed ogre

Illustrated notes

Levels and vault maps discovered:
D:1:      evilmike_arrival_home_sweet_home, layout_basic,
          chequers_serial_rivers_micro_d
D:2:      layout_basic, old_standard_altar, minmay_box_of_dots
D:3:      lemuel_castle_with_subvaults [lemuel_castle_interior_original],
          layout_basic, lemuel_zombie_altar_kikubaaqudgha, first_ration,
          wad_floor_pattern_1
D:4:      layout_loops_corners, gammafunk_ghost_icy, uniq_eustachio
D:5:      layout_loops_ring, grunt_temple_overflow_order_and_chaos_1,
          minmay_temple_entry_drinking_statues, skrybe_limestone_x
D:6:      layout_cave_pools, grunt_temple_overflow_forces_of_nature,
          basic_altar, uniq_grinder, uniq_crazy_yiuf_cottage, uniq_menkaure
D:7:      minmay_spotlight, layout_rooms
Temple:   dshaligram_water_room_temple

Skill      XL: |  1  2  3  4  5  6  7  8  9 |
---------------+----------------------------+-----
Axes           | 3 4 5 6 7 |  7.5
Fighting       | 4 5 6 7 |  7.5
Armour         | 4 5 6 7 |  7.0
Shields        | 4 5 6 |  6.9
Polearms       | 1 2 |  2.7
Invocations    | |  0.5

Action                   |  1- 3 |  4- 6 |  7- 9 || total
-------------------------+-------+-------+-------++-------
Melee: War axe           |    75 |    12 |       ||    87
       Hand axe          |       |    95 |     6 ||   101
       Spear             |       |       |   325 ||   325
  Use: Potion            |     1 |     1 |     2 ||     4
 Stab: Invisible         |       |       |     2 ||     2
  Eat: Chunk             |     1 |     5 |     9 ||    15
       Ration            |       |       |     1 ||     1
Armor: Scale mail        |    31 |    49 |    89 ||   169
Dodge: Dodged            |    34 |    41 |    53 ||   128
Block: Kite shield       |    47 |    50 |   100 ||   197
